[Event "Team 45 45 League T49"]
[Site "Internet Chess Club"]
[Date "2011.06.14"]
[Round "5"]
[White "Terte"]
[Black "Lzmann"]
[Result "0-1"]
[WhiteElo "1953"]
[BlackElo "1867"]
[Opening "French: MacCutcheon, Lasker variation, 8...g6"]
[ECO "C12"]
[Time "14:03:21"]
[TimeControl "2700+45"]

1. e4 e6 2. d4 d5 3. Nc3 Nf6 4. Bg5 Bb4 5. e5 h6 6. Bd2 Bxc3 7. bxc3 Ne4 8. Qg4
g6 9. Bd3 Nxd2 10. Kxd2 c5 11. f4 Qa5 12. Ne2 Nc6 13. Bxg6 Rg8 14. Bxf7+ Kxf7
15. Qh5+ Ke7 16. f5 cxd4 17. f6+ Kd8 18. Qxh6 dxc3+ 19. Kd1 Qc5 20. Rf1 Kc7 21.
Rf3 Bd7 22. Rxc3 Qf2 23. Nf4 Qd4+ 24. Rd3 Qxa1+ 25. Kd2 Nxe5 26. Rxd5 exd5 27.
Nxd5+ Kb8 28. f7 Rxg2+ {White resigns} 0-1

[Event "Team 45 45 League T49"]
[Site "Internet Chess Club"]
[Date "2011.06.12"]
[Round "5"]
[White "pawn111"]
[Black "mugurelt"]
[Result "1-0"]
[WhiteElo "1870"]
[BlackElo "1680"]
[Opening "Robatsch (modern) defense"]
[ECO "B06"]
[Time "07:02:35"]
[TimeControl "2700+45"]

1. e4 g6 2. d4 Bg7 3. Nf3 d6 4. Be3 Nf6 5. Bd3 O-O 6. O-O e5 7. dxe5 dxe5 8. Nc3
Nc6 9. Qe2 h6 10. Rad1 Qe7 11. Bc4 Bg4 12. h3 Bxf3 13. Qxf3 Rad8 14. a3 a6 15.
b4 Nd4 16. Bxd4 Rxd4 17. Nd5 Nxd5 18. Bxd5 Rxd1 19. Rxd1 c6 20. Bb3 Kh7 21. Qd3
Re8 22. Qd7 Bf6 23. Bxf7 Qxd7 24. Rxd7 Re7 25. Be6 Rxd7 26. Bxd7 a5 27. bxa5 Bd8
28. Bc8 Bxa5 29. Bxb7 c5 30. Ba6 Kg7 31. Kf1 Kf6 32. Ke2 Ke6 33. Kd3 Kd6 34. Kc4
Kc6 35. Bb5+ Kd6 36. Be8 g5 37. Kb5 Be1 38. f3 Bd2 39. a4 Ke7 40. Bc6 Kd6 41.
Bd5 Be3 42. a5 Kc7 43. a6 Kb8 44. Kc6 Ka7 45. Bc4 h5 46. Kd5 h4 47. Kxe5 Kb6 48.
Kd6 {Black resigns} 1-0

[Event "Team 45 45 League T49"]
[Site "Internet Chess Club"]
[Date "2011.06.14"]
[Round "5"]
[White "Victorianum"]
[Black "Innes"]
[Result "0-1"]
[WhiteElo "1717"]
[BlackElo "1739"]
[Opening "Queen's pawn: Charlick (Englund) gambit"]
[ECO "A40"]
[Time "13:02:47"]
[TimeControl "2700+45"]

1. d4 e5 2. dxe5 f6 3. exf6 Nxf6 4. Nf3 d5 5. Bg5 Bd6 6. e3 O-O 7. Nc3 c6 8. Bd3
Bg4 9. h3 Be6 10. Nd4 Qe7 11. O-O Nbd7 12. e4 Bxh3 13. gxh3 c5 14. Nf5 Qe6 15.
Nxd6 Qxh3 16. Bf4 Nh5 17. Bh2 Nf4 18. Bxf4 Rxf4 19. f3 Qg3+ {White resigns} 0-1

[Event "Team 45 45 League T49"]
[Site "Internet Chess Club"]
[Date "2011.06.12"]
[Round "5"]
[White "wrimle"]
[Black "chrisgianno"]
[Result "1/2-1/2"]
[WhiteElo "1649"]
[BlackElo "1559"]
[Opening "Sicilian: chameleon variation"]
[ECO "B23"]
[Time "15:27:10"]
[TimeControl "2700+45"]

1. e4 c5 2. Nc3 Nc6 3. Nge2 Nf6 4. g3 d5 5. exd5 Nxd5 6. Bg2 e6 7. O-O Be7 8. d3
b6 9. Nf4 O-O 10. Nfxd5 exd5 11. Nxd5 Bb7 12. Nxe7+ Qxe7 13. Re1 Qf6 14. c3 Rad8
15. Be3 Ba6 16. Qf3 Qxf3 17. Bxf3 Ne5 18. Be2 Bxd3 19. b3 Bxe2 20. Rxe2 f6 21.
f4 Nc6 22. Rae1 Rd3 23. Bd2 Rfd8 24. Re8+ Kf7 25. Rxd8 Nxd8 26. Re2 Nb7 27. Be1
Nd6 28. Kf2 f5 29. Re3 Ne4+ 30. Ke2 Rxe3+ 31. Kxe3 h5 32. Kd3 Ke6 33. b4 cxb4
34. cxb4 Kd5 35. a4 g6 36. h3 a6 37. a5 b5 38. h4 Nd6 39. Bf2 Ne4 40. Be1 Nf6
41. Bf2 Ng4 42. Bc5 Nh2 43. Be3 Nf1 44. Bf2 Nh2 45. Bg1 Ng4 46. Bc5 Nf6 47. Bf2
Ne4 48. Be1 Nd6 49. Bd2 Nc4 50. Bc3 Na3 51. Bb2 Nc4 52. Bc3 Nd6 53. Bd2 Ne4 54.
Be1 Nf6 55. Bf2 {Game drawn by repetition} 1/2-1/2

[Event "Team 45 45 League T49"]
[Site "Internet Chess Club"]
[Date "2011.06.12"]
[Round "5"]
[White "primerpaso"]
[Black "subterfuge"]
[Result "1-0"]
[WhiteElo "1860"]
[BlackElo "1715"]
[Opening "English: Caro-Kann defensive system"]
[ECO "D13"]
[Time "18:03:06"]
[TimeControl "2700+45"]

1. c4 c6 2. Nc3 d5 3. cxd5 cxd5 4. d4 Nf6 5. Nf3 e6 6. g3 Bd7 7. Bg2 Bd6 8. O-O
Bc6 9. Bf4 Bxf4 10. gxf4 Nbd7 11. e3 Nb6 12. Ne5 Nfd7 13. Nd3 Qe7 14. b4 a6 15.
a4 Nf6 16. b5 Bd7 17. Nc5 O-O 18. Qd3 Rfc8 19. Nxb7 Bxb5 20. axb5 Qxb7 21. bxa6
Qc6 22. Qb5 Qxc3 23. Qxb6 Rab8 24. Qa5 g6 25. Qxc3 Rxc3 26. a7 Ra8 27. Rfb1 Rcc8
28. Rb7 Ne8 29. Ra6 Nc7 30. Rc6 Na6 31. Rxa6 Rc1+ 32. Bf1 Kg7 33. Rb8 {Black
resigns} 1-0

[Event "Team 45 45 League T49"]
[Site "Internet Chess Club"]
[Date "2011.06.12"]
[Round "5"]
[White "DanMcClintic"]
[Black "isolani"]
[Result "1/2-1/2"]
[WhiteElo "1581"]
[BlackElo "1532"]
[Opening "Pirc: Ufimtsev-Pytel variation"]
[ECO "B07"]
[Time "16:00:19"]
[TimeControl "2700+45"]

1. e4 d6 2. d4 Nf6 3. Nc3 c6 4. f4 Qa5 5. Bd3 e5 6. Nf3 exd4 7. Nxd4 Qb6 8. Be2
Be7 9. Rb1 Nbd7 10. Be3 Qc7 11. Nf5 Bf8 12. O-O g6 13. Ng3 Bg7 14. f5 Ne5 15.
Bf4 Bd7 16. Bxe5 dxe5 17. Bc4 O-O-O 18. Qe2 Rhf8 19. Kh1 h5 20. Rfd1 h4 21. Nf1
gxf5 22. exf5 Bxf5 23. h3 Rxd1 24. Rxd1 Rd8 25. Rxd8+ Kxd8 26. Qd2+ Qd7 27. Qg5
Bg6 28. Qxe5 Nh5 29. Qb8+ Ke7 30. Qxa7 Bd4 31. Qa3+ Qd6 32. Qxd6+ Kxd6 33. Nd1
Bxc2 34. Nde3 Bg6 35. b3 b5 36. Be2 Bxe3 37. Nxe3 Ng3+ 38. Kg1 Nxe2+ 39. Kf2 Nc3
40. a3 Nb1 41. a4 bxa4 42. bxa4 Kc5 43. Ng4 Kb4 44. Ne5 c5 45. Ke3 c4 46. a5
Kxa5 47. Nxc4+ Kb4 48. Ne5 Kc5 49. Nf3 Nc3 50. Nxh4 Nd5+ 51. Kf3 Kd6 52. Kg4 Ke6
53. Nxg6 fxg6 54. Kg5 Kf7 55. h4 Nf6 56. g4 Ne4+ 57. Kf4 Nf6 58. h5 gxh5 59.
gxh5 Nxh5+ {Game drawn because neither player has mating material} 1/2-1/2

[Event "Team 45 45 League T49"]
[Site "Internet Chess Club"]
[Date "2011.06.13"]
[Round "5"]
[White "tsia68"]
[Black "CaoCao"]
[Result "1/2-1/2"]
[WhiteElo "1902"]
[BlackElo "1887"]
[Opening "English: closed system"]
[ECO "A25"]
[Time "13:15:29"]
[TimeControl "2700+45"]

1. c4 e5 2. g3 Nc6 3. Bg2 g6 4. Nc3 Bg7 5. e4 Nge7 6. Nge2 d6 7. d3 O-O 8. O-O
a6 9. Be3 Rb8 10. Nd5 Nxd5 11. cxd5 Ne7 12. Qb3 c5 13. dxc6 Be6 14. c7 Qxc7 15.
Bb6 Qd7 16. Qa3 Rbc8 17. Rac1 Rxc1 18. Rxc1 Rc8 19. Rxc8+ Nxc8 20. Be3 Bf8 21.
Qa5 Ne7 22. Nc3 Nc6 23. Qa4 Be7 24. Nd5 Bd8 25. Qc4 b5 26. Qc3 Qb7 27. a3 f6 28.
h4 Bxd5 29. exd5 Ne7 30. Qb4 Bc7 31. Qg4 Qc8 32. Qf3 Qf5 33. g4 Qxf3 34. Bxf3
Nc8 35. Kf1 Bb6 36. Bd2 Kf7 37. Ke2 Ke7 38. Be4 Kf7 39. f4 Bd4 40. b3 Bc5 41. a4
bxa4 42. bxa4 Ne7 43. fxe5 fxe5 44. h5 Ng8 45. Kf3 Nf6 46. hxg6+ hxg6 47. Bg5
Bb6 48. Kg3 Bd8 49. Bd2 Nxe4+ 50. dxe4 Ke8 51. Kf3 Kd7 52. Ke2 Kc8 53. Kd3 Kb7
54. Bb4 Kc7 55. Kc4 Kd7 56. Bd2 Bb6 57. Bg5 Bc7 58. Kb4 Bb6 59. Bh6 Bd8 60. Be3
Bc7 61. Ba7 Bd8 62. Be3 {Game drawn by mutual agreement} 1/2-1/2

[Event "Team 45 45 League T49"]
[Site "Internet Chess Club"]
[Date "2011.06.10"]
[Round "5"]
[White "RamRock"]
[Black "gerailen0075"]
[Result "0-1"]
[WhiteElo "1778"]
[BlackElo "1971"]
[Opening "Sicilian: Alapin's variation (2.c3)"]
[ECO "B22"]
[Time "21:04:35"]
[TimeControl "2700+45"]

1. e4 c5 2. c3 e6 3. Nf3 d5 4. exd5 exd5 5. d4 Bg4 6. Be2 Nc6 7. O-O Bd6 8. Ne5
Be6 9. Bf4 Nge7 10. Bb5 O-O 11. Re1 Qc7 12. Na3 cxd4 13. cxd4 Bxa3 14. bxa3 Qb6
15. Nxc6 Nxc6 16. Bxc6 bxc6 17. Bd6 Rfe8 18. Bc5 Qc7 19. Qd3 a5 20. a4 g6 21. f3
Bf5 22. Rxe8+ Rxe8 23. Qa6 Qf4 24. Qxa5 Qe3+ 25. Kh1 h5 26. Qb4 h4 27. h3 Qf2
28. Be7 Bxh3 29. gxh3 Qxf3+ 30. Kg1 Qg3+ 31. Kf1 Qxh3+ 32. Ke2 Qe6+ 33. Kd3 Rxe7
34. a5 Qe2+ 35. Kc3 Re3# {White checkmated} 0-1

[Event "Team 45 45 League T49"]
[Site "Internet Chess Club"]
[Date "2011.06.11"]
[Round "5"]
[White "room-matt"]
[Black "hewdondada"]
[Result "0-1"]
[WhiteElo "1676"]
[BlackElo "1779"]
[Opening "Queen's pawn: Chigorin variation"]
[ECO "D00"]
[Time "10:42:52"]
[TimeControl "2700+45"]

1. d4 d5 2. Nc3 Bf5 3. e3 Nf6 4. Be2 e6 5. Nf3 h6 6. Nh4 Bh7 7. O-O Bb4 8. Bd2
Bxc3 9. bxc3 Ne4 10. Nf3 Nd7 11. Rb1 Rb8 12. c4 Nxd2 13. Nxd2 O-O 14. cxd5 exd5
15. Bf3 c6 16. Re1 Nf6 17. Rb2 Re8 18. c4 b6 19. cxd5 cxd5 20. Nf1 Rc8 21. Qa4
Qc7 22. Qb5 Qc3 23. Rd1 Red8 24. a4 Bf5 25. Qb4 Bd7 26. Qxc3 Rxc3 27. Ra1 Rdc8
28. Bd1 Bf5 29. h3 Rc1 30. Rxc1 Rxc1 31. Be2 Ne4 32. g4 Bg6 33. Kg2 Nc3 34. Bb5
Ra1 35. Nd2 Nxa4 36. Bxa4 Rxa4 37. Kf3 Bd3 38. Rb3 Bc2 39. Rc3 Ra2 40. Rc8+ Kh7
41. Ke2 a5 42. Rc6 Rb2 43. Rd6 Bb3 44. Kd3 a4 45. Nxb3 Rxb3+ 46. Kc2 Rb5 47. Rd8
Kg6 48. Ra8 Rb4 49. f4 f5 50. Ra7 fxg4 51. hxg4 Kf6 52. f5 g6 53. fxg6 Kxg6 54.
Ra8 Kg5 55. Rg8+ Kh4 56. Rh8 a3 57. Rxh6+ Kxg4 58. Rh1 Kf3 59. Kc3 Rb5 60. Ra1
Ra5 61. Kd3 b5 62. Kc3 Ra4 63. Kb3 a2 64. Rxa2 Rxa2 65. Kxa2 Kxe3 66. Kb3 Kxd4
67. Kb4 Kd3 68. Kxb5 Kc3 {White resigns} 0-1

[Event "Team 45 45 League T49"]
[Site "Internet Chess Club"]
[Date "2011.06.13"]
[Round "5"]
[White "RD1974"]
[Black "Konstantinos"]
[Result "1-0"]
[WhiteElo "1621"]
[BlackElo "1763"]
[Opening "Sicilian: closed, 2...Nc6"]
[ECO "B23"]
[Time "12:00:21"]
[TimeControl "2700+45"]

1. e4 c5 2. Nc3 Nc6 3. d3 e6 4. g3 b6 5. Bg2 Bb7 6. Be3 Be7 7. Qd2 Rb8 8. f4 d6
9. Nge2 Nf6 10. h3 d5 11. d4 cxd4 12. Nxd4 Nxd4 13. Bxd4 dxe4 14. Rd1 O-O 15.
O-O Qc8 16. Qe3 Nd5 17. Nxd5 exd5 18. Rf2 Qc6 19. Kh2 Rbc8 20. c3 Bf6 21. f5
Bxd4 22. Rxd4 f6 23. Bf1 b5 24. Rb4 a6 25. Rd2 Qe8 26. Be2 Qe5 27. Rbd4 Rcd8 28.
Bg4 Rc8 29. Be2 Rc7 30. a4 Rd8 31. axb5 axb5 32. Bxb5 Qxf5 33. Be2 Ba8 34. Rxe4
Bc6 35. Red4 Re8 36. Qf3 Qxf3 37. Bxf3 Re3 38. Bxd5+ Bxd5 39. Rxd5 Kf7 40. Kg2
Kg6 41. Kf2 Rce7 42. R5d3 R3e6 43. b4 Ra6 44. Rb2 Ra1 45. Re3 Rd7 46. Re1 Ra3
47. Rc1 Rd3 48. Rbc2 Rb3 49. Re1 Rdxc3 50. Rxc3 Rxc3 51. Rb1 Kf5 52. b5 Rc8 53.
b6 Rb8 54. b7 Ke5 55. Ke3 Kd6 56. Kd4 Kc6 57. g4 h6 58. h4 g6 59. Ke4 Kc5 60. h5
gxh5 61. gxh5 Kd6 62. Kf5 Ke7 63. Rb6 Kf7 64. Rxf6+ Kg7 65. Rb6 Kf7 66. Rxh6 Kg7
67. Rb6 Kh7 68. h6 Kh8 69. Ke6 Kg8 70. Kd7 {Black resigns} 1-0

[Event "Team 45 45 League T49"]
[Site "Internet Chess Club"]
[Date "2011.06.13"]
[Round "5"]
[White "chess9793"]
[Black "grabuark"]
[Result "1/2-1/2"]
[WhiteElo "2092"]
[BlackElo "2062"]
[Opening "Sicilian: dragon, Yugoslav attack, 10.O-O-O"]
[ECO "B78"]
[Time "20:07:46"]
[TimeControl "2700+45"]

1. e4 c5 2. Nf3 d6 3. d4 cxd4 4. Nxd4 Nf6 5. Nc3 g6 6. Be3 Bg7 7. f3 O-O 8. Qd2
Nc6 9. Bc4 Bd7 10. O-O-O Rb8 11. h4 Na5 12. Bd3 a6 13. g4 b5 14. h5 Nc4 15. Bxc4
bxc4 16. Nd5 Nxd5 17. exd5 Qb6 18. c3 Qa5 19. Kb1 Ba4 20. Rde1 Rfe8 21. hxg6
fxg6 22. Ka1 Qxd5 23. Qh2 Kf7 24. Ne6 Kxe6 25. Bd4+ Kd7 26. Bxg7 Qxf3 27. Qxh7
Qf2 28. Rb1 Bc6 29. Rhf1 Qe2 30. Rfe1 Qxg4 31. Qh2 Be4 32. Rbd1 Qf5 33. Rd4 Bd3
34. Bh6 Rb5 35. a3 e5 36. Rh4 Reb8 37. Bc1 Rb3 38. Rh7+ {Game drawn by mutual
agreement} 1/2-1/2

[Event "Team 45 45 League T49"]
[Site "Internet Chess Club"]
[Date "2011.06.13"]
[Round "5"]
[White "Tobiasdelmonte"]
[Black "musk6868"]
[Result "0-1"]
[WhiteElo "1873"]
[BlackElo "2068"]
[Opening "Dutch defense"]
[ECO "A87"]
[Time "21:01:28"]
[TimeControl "2700+45"]

1. d4 f5 2. g3 Nf6 3. Bg2 g6 4. Nf3 Bg7 5. O-O O-O 6. c4 d6 7. Nc3 Qe8 8. b3 c6
9. Re1 Ne4 10. Nxe4 fxe4 11. Ng5 d5 12. cxd5 cxd5 13. Nh3 Nc6 14. Bb2 Qf7 15.
Rf1 Bh6 16. a3 Bg4 17. f3 exf3 18. exf3 Bd7 19. f4 e6 20. Nf2 Bg7 21. Ng4 Qe7
22. Qd2 Rac8 23. Rfe1 Qf7 24. Rac1 Qf5 25. Ne3 Qf6 26. Ng4 Qd8 27. Kh1 Qb6 28.
b4 Nxd4 29. Rxc8 Rxc8 30. Ne5 Bxe5 31. Rxe5 Nf5 32. Bxd5 Bc6 33. Rxe6 Kf8 34.
Rf6+ Ke8 35. Qe2+ Ne7 36. Bxc6+ Rxc6 37. Qe5 Qf2 38. Qb8+ Rc8 39. Qxc8+ Nxc8
{White resigns} 0-1

[Event "Team 45 45 League T49"]
[Site "Internet Chess Club"]
[Date "2011.06.11"]
[Round "5"]
[White "wilson97"]
[Black "j65536d"]
[Result "1-0"]
[WhiteElo "1937"]
[BlackElo "1772"]
[Opening "Sicilian: dragon, 6.Be3"]
[ECO "B72"]
[Time "19:05:14"]
[TimeControl "2700+45"]

1. e4 c5 2. Nf3 d6 3. d4 cxd4 4. Nxd4 Nf6 5. Nc3 g6 6. Be3 Bg7 7. Qd2 Ng4 8.
Bb5+ Nd7 9. O-O Nxe3 10. Qxe3 O-O 11. f4 a6 12. Bxd7 Bxd7 13. f5 Qb6 14. f6 Bxf6
15. Rxf6 exf6 16. Nd5 Qd8 17. Rf1 f5 18. exf5 f6 19. fxg6 hxg6 20. Qh6 Be8 21.
Ne6 {Black resigns} 1-0

[Event "Team 45 45 League T49"]
[Site "Internet Chess Club"]
[Date "2011.06.10"]
[Round "5"]
[White "Goli"]
[Black "flyingpawns"]
[Result "1-0"]
[WhiteElo "1784"]
[BlackElo "1705"]
[Opening "French: exchange variation"]
[ECO "C01"]
[Time "16:00:14"]
[TimeControl "2700+45"]

1. e4 e6 2. d4 d5 3. exd5 exd5 4. Bd3 Bd6 5. Ne2 Nf6 6. Nbc3 c6 7. Bg5 h6 8. Bh4
Be7 9. Qd2 Qb6 10. O-O-O Bd7 11. f3 Na6 12. Na4 Qc7 13. Rde1 O-O-O 14. Bxa6 bxa6
15. Bg3 Qb7 16. Nc5 Bxc5 17. dxc5 Qb5 18. Qc3 Rhe8 19. Nd4 Qb7 20. Bd6 Be6 21.
Re3 Qd7 22. Qa5 Kb7 23. Rb3+ Ka8 24. Qxa6 Rc8 25. Rb6 Ng8 26. Nxc6 Rxc6 27. Rxc6
Qb7 28. Qxb7+ Kxb7 29. Rc7+ Ka8 30. Rd1 Rd8 31. Rd3 Nf6 32. Ra3 {Black resigns}
1-0

[Event "Team 45 45 League T49"]
[Site "Internet Chess Club"]
[Date "2011.06.10"]
[Round "5"]
[White "chiiwen"]
[Black "egyptiantiger"]
[Result "1-0"]
[WhiteElo "2187"]
[BlackElo "2074"]
[Opening "Sicilian: Najdorf"]
[ECO "B90"]
[Time "16:22:07"]
[TimeControl "2700+45"]

1. e4 c5 2. Nf3 d6 3. d4 cxd4 4. Nxd4 Nf6 5. Nc3 a6 6. Bd3 g6 7. a4 Bg7 8. O-O
O-O 9. h3 Nc6 10. Nb3 d5 11. exd5 Nxd5 12. Nxd5 Qxd5 13. Qe2 Bf5 14. Bxf5 Qxf5
15. c3 b5 16. axb5 axb5 17. Be3 Qd5 18. Nc5 Qc4 19. Qxc4 bxc4 20. Nd7 Rxa1 21.
Rxa1 Rd8 22. Nb6 Ne5 23. Bd4 Nd3 24. Bxg7 Kxg7 25. Nxc4 Rc8 26. b3 Nc5 27. Nd2
Rd8 28. Ra2 e5 29. b4 Ne6 30. g3 f5 31. Nc4 e4 32. h4 Rc8 33. Ra7+ Kg8 34. b5
Rxc4 35. b6 Nc5 36. Rc7 Rxc3 37. b7 Nxb7 38. Rxc3 Nd6 39. Kf1 Kg7 40. Rc7+ Nf7
41. Ke2 Kf6 42. Ke3 h6 43. Rc6+ Kg7 44. Kf4 Nd8 45. Rb6 Nf7 46. h5 gxh5 47. Kxf5
Kh7 48. Kxe4 Ng5+ 49. Ke3 Kg7 50. f4 Nh7 51. Ke4 Nf6+ 52. Kf5 Nd5 53. Rb7+ Kf8
54. Kg6 h4 55. Rd7 Nb6 56. Rf7+ Ke8 57. gxh4 Nd5 58. Kg7 Ne3 59. f5 h5 60. Rf8+
Kd7 61. Kg6 Ke7 62. Rh8 Ng2 63. f6+ Ke6 64. Re8+ Kd7 65. Re4 {Black resigns} 1-0

[Event "Team 45 45 League T49"]
[Site "Internet Chess Club"]
[Date "2011.06.11"]
[Round "5"]
[White "Memphischess"]
[Black "AronT"]
[Result "0-1"]
[WhiteElo "2067"]
[BlackElo "2148"]
[Opening "French: Winawer, advance, positional main line"]
[ECO "C19"]
[Time "20:47:55"]
[TimeControl "2700+45"]

1. e4 e6 2. d4 d5 3. Nc3 Bb4 4. e5 c5 5. a3 Bxc3+ 6. bxc3 Ne7 7. Nf3 Nbc6 8. a4
Qa5 9. Bd2 Bd7 10. Be2 O-O 11. O-O Rac8 12. c4 Qc7 13. cxd5 Nxd5 14. c3 f6 15.
exf6 Rxf6 16. Bg5 Rff8 17. c4 Nc3 18. Qd2 Nxe2+ 19. Qxe2 Nxd4 20. Nxd4 cxd4 21.
Rfc1 e5 22. c5 Bc6 {White resigns} 0-1

[Event "Team 45 45 League T49"]
[Site "Internet Chess Club"]
[Date "2011.06.13"]
[Round "5"]
[White "RosewoodTele"]
[Black "Superman"]
[Result "1-0"]
[WhiteElo "1852"]
[BlackElo "1777"]
[Opening "QGD: Albin counter-gambit, 5.g3"]
[ECO "D09"]
[Time "23:55:58"]
[TimeControl "2700+45"]

1. d4 d5 2. c4 e5 3. dxe5 d4 4. Nf3 Nc6 5. g3 Bg4 6. Bg2 Qd7 7. Nbd2 O-O-O 8.
Qa4 Bh3 9. O-O Bxg2 10. Kxg2 h5 11. h4 Kb8 12. a3 f6 13. exf6 Nxf6 14. b4 Be7
15. b5 Ne5 16. Nxe5 Qe6 17. Ng6 Rhg8 18. Nxe7 Qxe7 19. Nf3 Ne4 20. Qc2 g5 21.
Nxg5 Nxg5 22. Bxg5 Rxg5 23. hxg5 h4 24. gxh4 Rh8 25. Rh1 {Black resigns} 1-0

[Event "Team 45 45 League T49"]
[Site "Internet Chess Club"]
[Date "2011.06.13"]
[Round "5"]
[White "akhil32"]
[Black "Atlantis"]
[Result "0-1"]
[WhiteElo "1760"]
[BlackElo "1895"]
[Opening "Queen's bishop game"]
[ECO "D02"]
[Time "19:36:38"]
[TimeControl "2700+45"]

1. d4 Nf6 2. Nf3 d5 3. Bf4 c5 4. c3 Qb6 5. Qd2 e6 6. e3 Bd6 7. Ne5 Ne4 8. Qc2
O-O 9. Nd2 f6 10. Nd3 c4 11. Nc1 Bxf4 12. Nxe4 Bh6 13. Ng3 Bd7 14. Be2 Be8 15.
Bf3 Bg6 16. e4 Nd7 17. O-O e5 18. Nce2 Rae8 19. Nf5 Bxf5 20. exf5 e4 21. Bg4 e3
22. fxe3 Rxe3 23. Nf4 Bxf4 24. Rxf4 Rfe8 25. Bf3 Qd6 26. Rg4 Qe7 27. Qf2 Nb6 28.
a4 a5 29. Qg3 Re1+ 30. Rxe1 Qxe1+ 31. Qxe1 Rxe1+ 32. Kf2 Rb1 {White resigns} 0-1

[Event "Team 45 45 League T49"]
[Site "Internet Chess Club"]
[Date "2011.06.11"]
[Round "5"]
[White "sandham"]
[Black "DTK"]
[Result "1-0"]
[WhiteElo "2168"]
[BlackElo "2208"]
[Opening "Grünfeld: Three knights variation"]
[ECO "D90"]
[Time "18:15:23"]
[TimeControl "2700+45"]

1. d4 Nf6 2. Nf3 g6 3. c4 Bg7 4. Nc3 d5 5. cxd5 Nxd5 6. Bd2 O-O 7. Rc1 Bg4 8. e3
Nb6 9. Be2 N8d7 10. h3 Be6 11. e4 Bc4 12. O-O c5 13. d5 e5 14. b3 Bxe2 15. Qxe2
Nc8 16. Rfd1 a6 17. Na4 b6 18. b4 c4 19. Be3 Nd6 20. Nd2 Rc8 21. Rc2 f5 22. f3
Qc7 23. Rdc1 b5 24. Nc5 Nxc5 25. bxc5 Nb7 26. Nxc4 bxc4 27. Qxc4 a5 28. d6+ Qf7
29. d7 Rc6 30. Qd5 Nd8 31. Rb2 Rc7 32. c6 Nxc6 33. Rxc6 Rxd7 34. Qxf7+ Kxf7 35.
Ra6 Rc8 36. Rxa5 fxe4 37. fxe4 Rc4 38. Rf2+ Ke6 39. Ra6+ Rd6 40. Rxd6+ Kxd6 41.
Rf7 Rc7 42. Rxc7 Kxc7 43. Kf1 Bf8 44. Ke2 Kc6 45. a4 Bb4 46. Kd3 h5 47. Kc4 Ba5
48. Bc5 Bd2 49. Bb4 Be3 50. Bc3 Bf4 51. a5 g5 52. a6 Kb6 53. Kd5 Kxa6 54. Bxe5
{Black resigns} 1-0

[Event "Team 45 45 League T49"]
[Site "Internet Chess Club"]
[Date "2011.06.16"]
[Round "5"]
[White "kai"]
[Black "Zumbi"]
[Result "0-1"]
[WhiteElo "1883"]
[BlackElo "2189"]
[Opening "Alekhine's defense: exchange variation"]
[ECO "B03"]
[Time "09:37:50"]
[TimeControl "2700+45"]

1. e4 Nf6 2. e5 Nd5 3. d4 d6 4. c4 Nb6 5. exd6 exd6 6. Nc3 Nc6 7. h3 Be7 8. Nf3
O-O 9. Be2 Bf6 10. O-O Re8 11. Re1 h6 12. b3 Bf5 13. Be3 d5 14. c5 Nc8 15. Qd2
N8e7 16. g4 Be4 17. Nb5 Ng6 18. b4 a6 19. Nc3 Nf8 20. a4 a5 21. b5 Nb4 22. Rac1
Ne6 23. Nh2 c6 24. b6 Ng5 25. f3 Bc2 26. Kg2 Rxe3 27. Qxe3 Ne6 28. Rcd1 Bxd1 29.
Rxd1 Bxd4 30. Rxd4 Nc2 {White resigns} 0-1

[Event "Team 45 45 League T49"]
[Site "Internet Chess Club"]
[Date "2011.06.12"]
[Round "5"]
[White "Ptzz"]
[Black "FlyingTiger"]
[Result "1-0"]
[WhiteElo "2131"]
[BlackElo "1829"]
[Opening "Sicilian: accelerated fianchetto, Maróczy bind"]
[ECO "B36"]
[Time "12:00:27"]
[TimeControl "2700+45"]

1. e4 c5 2. Nf3 g6 3. d4 cxd4 4. Nxd4 Nc6 5. c4 Nf6 6. Nc3 d6 7. Be2 Nxd4 8.
Qxd4 Bg7 9. Be3 O-O 10. Qd2 Be6 11. f3 Qa5 12. Rb1 Rfc8 13. b3 a6 14. Nd5 Qxd2+
15. Kxd2 Nxd5 16. cxd5 Bd7 17. Rhc1 b5 18. Rxc8+ Rxc8 19. Rc1 Rxc1 20. Kxc1 Kf8
21. Kc2 e6 22. dxe6 fxe6 23. b4 Ke7 24. Bg5+ Bf6 25. h4 Bxg5 26. hxg5 Bc6 27.
Kd3 Kd7 28. f4 Ke7 29. Kd4 Bd7 30. Bf3 Bc6 31. e5 d5 32. Kc5 Bd7 33. Be2 Bc8 34.
Kc6 Kd8 35. Kd6 Bd7 36. Bg4 Bc8 37. Be2 Bd7 38. g4 Bc8 39. Bd3 Bd7 40. Bc2 Bc8
41. a4 Bd7 42. axb5 axb5 43. Bd3 Kc8 44. Kc5 Kc7 45. Bxb5 Bxb5 46. Kxb5 Kb7 47.
Kc5 Kc7 48. f5 gxf5 49. gxf5 exf5 50. Kxd5 Kd7 51. b5 {Black resigns} 1-0

[Event "Team 45 45 League T49"]
[Site "Internet Chess Club"]
[Date "2011.06.13"]
[Round "5"]
[White "JMB2009"]
[Black "koni"]
[Result "0-1"]
[WhiteElo "1792"]
[BlackElo "1900"]
[Opening "Pirc defense"]
[ECO "B07"]
[Time "15:00:08"]
[TimeControl "2700+45"]

1. e4 d6 2. d4 Nf6 3. Nc3 e5 4. dxe5 dxe5 5. Qxd8+ Kxd8 6. Nf3 Bd6 7. Bc4 Ke7 8.
Bg5 Be6 9. Bxe6 fxe6 10. O-O-O Nc6 11. a3 a6 12. Rd2 b5 13. Rhd1 Rhb8 14. h3 a5
15. Nh2 b4 16. axb4 axb4 17. Nb1 h6 18. Bxf6+ gxf6 19. Ng4 h5 20. Ne3 Nd4 21.
Nc4 Nb5 22. f3 Ra1 23. Nxd6 cxd6 24. Rd3 Nc3 25. Re1 Rxb1+ 26. Kd2 Rxe1 27. Kxe1
Nb5 28. g3 Nd4 29. c3 bxc3 30. bxc3 Rb1+ 31. Kf2 Rb2+ 32. Kf1 Nb5 33. f4 Rc2 34.
fxe5 dxe5 35. g4 hxg4 36. hxg4 Rxc3 37. Rd2 Re3 38. Rg2 Rxe4 39. g5 fxg5 40.
Rxg5 Nd4 41. Rg7+ Kf6 42. Rg8 Rf4+ 43. Ke1 Kf5 44. Ra8 e4 45. Rf8+ Kg4 46. Rg8+
Kf3 47. Ra8 e3 48. Ra2 Rh4 {White resigns} 0-1

[Event "Team 45 45 League T49"]
[Site "Internet Chess Club"]
[Date "2011.06.11"]
[Round "5"]
[White "CamLeslie"]
[Black "sibirica"]
[Result "0-1"]
[WhiteElo "1947"]
[BlackElo "2336"]
[Opening "Sicilian: Grand Prix attack"]
[ECO "B23"]
[Time "13:33:38"]
[TimeControl "2700+45"]

1. e4 c5 2. Nc3 Nc6 3. f4 g6 4. Nf3 Bg7 5. Bc4 e6 6. O-O Nge7 7. d3 O-O 8. Qe1
Nd4 9. Nxd4 cxd4 10. Nd1 d5 11. Bb3 dxe4 12. dxe4 b5 13. Rf3 a5 14. a3 Nc6 15.
e5 Bb7 16. Rh3 Qe7 17. Nf2 a4 18. Ba2 b4 19. Ne4 Rfd8 20. Bd2 d3 21. cxd3 b3 22.
Bb1 Rac8 23. Bc3 Nd4 24. Bb4 Qd7 25. Qh4 h5 26. Bc3 Bxe4 27. dxe4 Ne2+ 28. Kf1
Nxc3 29. bxc3 Qd2 30. Qe1 Qxf4+ 31. Kg1 Bxe5 32. Rg3 b2 33. Ra2 Qc1 {White
resigns} 0-1

[Event "Team 45 45 League T49"]
[Site "Internet Chess Club"]
[Date "2011.06.14"]
[Round "5"]
[White "zeigmata"]
[Black "chess9793"]
[Result "1-0"]
[WhiteElo "2305"]
[BlackElo "2085"]
[Opening "Sicilian defense"]
[ECO "B30"]
[Time "16:16:56"]
[TimeControl "2700+45"]

1. e4 c5 2. Nf3 Nc6 3. Nc3 g6 4. Bb5 Bg7 5. O-O Nf6 6. d3 O-O 7. Be3 b6 8. Bxc6
dxc6 9. h3 h6 10. Qd2 Kh7 11. Nh2 e5 12. f4 exf4 13. Rxf4 Be6 14. Raf1 Qe7 15.
Rh4 Nh5 16. Nf3 Bf6 17. Rxh5 gxh5 18. Bxh6 Rg8 19. e5 Bh4 20. Nxh4 Qxh4 21. Ne4
Rae8 22. Bg5 Rxg5 23. Nxg5+ Kg7 24. Rf4 Qg3 25. Ne4 Qg6 26. Rf6 Qh7 27. Qg5+ Kf8
28. Nd6 Rb8 29. Rh6 Qg7 30. Qxh5 Ke7 31. Rh7 Qg8 32. Qh6 Rf8 33. Qf6+ Kd7 34.
Rg7 Qh8 35. Nxf7 Qxg7 36. Qxg7 Rxf7 37. Qg6 c4 38. dxc4 Bxc4 39. Qd6+ Ke8 40.
Qxc6+ Rd7 41. Qxc4 Rd1+ 42. Kh2 Rd8 43. Qe6+ Kf8 44. Qf6+ Ke8 45. e6 Rd1 46.
Qf7+ Kd8 47. e7+ Kc7 48. e8=Q+ Kd6 {Black resigns} 1-0